 Dungeon Sprint DCSS version 0.31-a0-152-g6aa68a64a1 (webtiles) character file.

Game seed: 2230787661678779202

7926 Conn the Arsonist (level 11, -8/96 HPs)
             Began as an Octopode Fire Elementalist on June 11, 2023.
             Was a High Priest of Sif Muna.
             Shot with a bolt by a yaktaur captain (24 damage)
             ... in the Dungeon (Sprint II: "The Violet Keep of Menkaure").
             The game lasted 00:35:57 (2790 turns).

Conn the Arsonist (Octopode Fire Elementalist)      Turns: 2790, Time: 00:36:00

Health: -8/96      AC: 25    Str:  9    XL:     11   Next: 22%
Magic:  9/28       EV:  2    Int: 21    God:    Sif Muna [*****.]
Gold:   285        SH:  0    Dex: 15    Spells: 5/37 levels left

rFire   + + .        e - +10 arbalest of the Crafting Pariah {heavy, *Corrode rF+ Dex+3}
rCold   + . .        (shield currently unavailable)
rNeg    . . .        (helmet currently unavailable)
rPois   +            (no amulet)
rElec   +            g - ring of poison resistance
rCorr   +            (no ring)
SInv    .            (no ring)
Will    .....        (no ring)
Stlth   ++++         (no ring)
HPRegen 0.36/turn    (no ring)
MPRegen 0.21/turn    (no ring)
                     (no ring)

%: no teleportation, corrode self (3%)
@: ice-armoured, tree-form, resistant, corroded, channelling
A: stationary, stasis, torment immunity, boosted hp, almost no armour,
(amphibious), 8 rings, (camouflage 1), (gelatinous body 1), (nimble swimmer 1),
(tentacles)
a: Renounce Religion, Channel Magic, Forget Spell, Divine Exegesis


You were in the Dungeon.
You worshipped Sif Muna.
Sif Muna was extremely pleased with you.
You were a tree.
You visited 1 branch You collected 1584 gold pieces.
You spent 1299 gold pieces at shops.

Inventory:

Hand Weapons
 e - the +10 arbalest of the Crafting Pariah (weapon) {heavy, *Corrode rF+ Dex+3}
   (You bought it in a shop in the Dungeon)

   Dex:       It affects your dexterity (+3).
   rF:        It protects you from fire.
   *Corrode:  It may corrode you when you take damage.
Missiles
 p - 4 poisoned darts
Jewellery
 g - a ring of poison resistance (left branch)
Scrolls
 b - a scroll of identify
 d - a scroll of poison
 i - a scroll of fog
 m - a scroll of enchant armour
 n - a scroll of vulnerability
Potions
 a - 5 potions of magic
 h - a potion of attraction
 j - 2 potions of enlightenment
 k - a potion of haste
 l - a potion of resistance
 o - a potion of might
 q - a potion of lignification


   Skills:
 + Level 2.1 Fighting
 * Level 6.3 Ranged Weapons
 + Level 0.5 Throwing
 + Level 6.9 Dodging
 - Level 7.6 Stealth
 + Level 13.7 Spellcasting
 + Level 9.1 Conjurations
 + Level 1.2 Hexes
 + Level 1.7 Summonings
 * Level 4.3 Translocations
 + Level 14.2 Fire Magic
 * Level 4.3 Ice Magic
 * Level 6.2 Air Magic
 * Level 7.0 Invocations


You had 5 spell levels left.
You knew the following spells:

 Your Spells              Type           Power      Damage    Failure   Level
a - Foxfire               Conj/Fire      100%       2x1d9     1%          1
b - Scorch                Fire           100%       2d9       1%          2
c - Inner Flame           Hex/Fire       46%        N/A       1%          3
d - Flame Wave            Conj/Fire      59%        2d14      1%          4
e - Vhi's Electric Charg  Tloc/Air       72%        N/A       1%          3
f - Arcjolt               Conj/Air       23%        1d33      4%          5
g - Call Canine Familiar  Summ           21%        N/A       6%          3
h - Ozocubu's Armour      Ice            32%        N/A       2%          3
i - Hailstorm             Conj/Ice       42%        3d10      1%          3
j - Freezing Cloud        Conj/Ice/Air   21%        6-21      9%          5

Your spell library contained the following spells:

 Spells                   Type           Power      Damage    Failure   Level
 Magic Dart               Conj           100%       1d8       1%          1
 Volatile Blastmotes      Fire/Tloc      100%       2d18      1%          3
 Portal Projectile        Hex/Tloc       52%        N/A       4%          3
 Leda's Liquefaction      Hex/Erth       8%         N/A       34%         4
 Conjure Ball Lightning   Conj/Air       23%        3x3d6     28%         6
 Ozocubu's Refrigeration  Ice            16%        4d11      99%         7
 Maxwell's Capacitive Co  Air            20%        ∞         100%        8


Dungeon Overview and Level Annotations

Branches:
Dungeon (1/1)

Altars:
Cheibriados
Dithmenos
Elyvilon
Fedhas
Gozag
Hepliaklqana
Kikubaaqudgha
Makhleb
Nemelex Xobeh
Okawaru
Qazlal
Ru
Sif Muna
Trog
Uskayaw
Vehumet
Wu Jian
Xom
Yredelemnul
Zin
The Shining One
Jiyva
Lugonu

Shops:
D :(==[!*=*[*:?[!

Annotations:
D exclusions: ice statue and oklob plant, Kirke


Innate Abilities, Weirdness & Mutations

You are a tree.
Your roots penetrate the ground, keeping you stationary.
You cannot be teleported.
You are immune to unholy pain and torment.
Your maximum health is greatly increased.
You cannot wear most types of armour.
((You are amphibious.))
You can wear up to eight rings at the same time.
((Your skin changes colour to match your surroundings (Stealth+).))
((Your rubbery body absorbs attacks. (AC +1, EV +1)))
((You are camouflaged when in or above water. (Stealth+)))
((You have tentacles for arms and can constrict up to eight enemies at once.))


Message History

The centaur warrior barely misses you. The centaur warrior kicks you.
Your corrosive artefact corrodes you!
Unknown command.
Casting: Flame Wave (safe; 1% risk of failure)
Confirm with . or Enter, or press ? or * to list all spells.
Aiming: Inner Flame (safe; 1% risk of failure)
Press: ? - help, Dir - move target, f - skeletal warrior
Aim: a skeletal warrior, wielding a +0 hand axe (heavily damaged, chance to affect: 33%)
The skeletal warrior easily resists.
The centaur warrior hits you! The centaur warrior barely misses you.
Your magical contamination has completely faded away.
Unknown command.
Unknown command.
The centaur warrior hits you!
* * * LOW HITPOINT WARNING * * *
The centaur warrior kicks you.
* * * LOW HITPOINT WARNING * * *
The centaur warrior barely misses you. The centaur warrior kicks you.
* * * LOW HITPOINT WARNING * * *
Okay, then.
Unknown command.
Unknown command.
Okay, then.
Really quaff the potion of lignification?
You turn into a tree.
Your roots penetrate the ground.
The centaur warrior hits you but does no damage.
The centaur warrior barely misses you.
Okay, then.
Unknown command.
Unknown command.
Casting: Inner Flame (safe; 1% risk of failure)
Confirm with . or Enter, or press ? or * to list all spells.
Aiming: Freezing Cloud (dangerous; 9% risk of failure)
Press: ? - help, Dir - move target The centaur warrior is engulfed in freezing vapours.
You kill the centaur warrior!
Sif Muna accepts your kill.
The yaktaur captain is engulfed in freezing vapours.
The yaktaur captain shoots a bolt.
The bolt hits you!!
You die...

.Yc~##S≈≈≈≈≈ #..°▓§§
#####{~#++'#+++## .. ##|}▓▓▓
####~~cc).z.....# .. .#[=▓)|
.∩.#§~~§.##'##.h# #. .#[:▓()
...#~~~~##.#.##c#### +.##.#[)▓..
...#~~~~#..##.#.z..# ...####▓..
...#~~####..#####..#####..##.#▓..
...#~##.###'###.##..#†.'..#..#▓).
∩..#~#...##.##..♣#..#.†#..#..#▓[.
.∩.'~'##.'Z<.'###§c§####..##.#▓..
∩.∩#~#...##.##...#§§§§###...##▓▓▓
▓###~##.###'###.##§§§§..~~)~~~~~~
####~~######.####~~§§...~#'######
##~~~#..##.#~~~§~§§§.§#....._.
#'#~##...##~~~~§~~~.~#...._._
#.#~~##'##~~~§§§~~~§~#..._._.
####~~9~~~~~~~≈§§§~§~#.._._._


You could see a yaktaur captain and a spectral adder (wandering).

Vanquished Creatures
  A kraken (D)
  2 boulder beetles (D)
  A centaur warrior (D)
  2 death drakes (D)
  2 deep trolls (D)
  An orange crystal statue (D)
  A kobold demonologist (D)
  A yaktaur (D)
  A hornet (D)
  5 polar bears (D)
  4 neqoxecs (D)
  Menkaure (D)
  5 water moccasins (D)
  2 swamp drakes (D)
  4 necrophages (D)
  A hell rat (D)
  3 worms (D)
  A tentacle (D)
38 creatures vanquished.

Vanquished Creatures (others)
  193 foxfires (D)
  182 tentacles (D)
375 creatures vanquished.

Grand Total: 413 creatures vanquished

Notes
Turn   | Place    | Note
-------+----------+-------------------------------------------
     0 | D        | Conn the Octopode Fire Elementalist began the quest for the
                  | Orb.
     0 | D        | Reached XP level 1. HP: 11/11 MP: 3/3
     1 | D        | Noticed a necrophage
     1 | D        | Noticed a necrophage
     1 | D        | Noticed a necrophage
     1 | D        | Noticed a necrophage
     7 | D        | Killed a necrophage
     8 | D        | Reached skill level 5 in Fire Magic
     8 | D        | Reached XP level 2. HP: 17/17 MP: 4/7
     8 | D        | Reached XP level 3. HP: 21/21 MP: 4/8
     8 | D        | Reached XP level 4. HP: 27/27 MP: 5/10
    12 | D        | Killed a necrophage
    13 | D        | Reached skill level 5 in Spellcasting
    13 | D        | Reached skill level 6 in Fire Magic
    13 | D        | Reached XP level 5. HP: 31/31 MP: 5/12
    17 | D        | Reached skill level 7 in Fire Magic
    19 | D        | Reached skill level 5 in Stealth
    19 | D        | Reached skill level 8 in Fire Magic
    19 | D        | Reached XP level 6. HP: 36/36 MP: 5/15
    28 | D        | Found Viuxox's Distillery.
    29 | D        | Found Attodali's Book Boutique.
    29 | D        | Found Regonk's Assorted Antiques.
    29 | D        | Found Gixka's Distillery.
    29 | D        | Found Data's General Store.
    29 | D        | Found Apry's Antique Armour Shop.
    29 | D        | Found Ugeseoko's Jewellery Shop.
    29 | D        | Found Bunatsiu's Jewellery Boutique.
    29 | D        | Found Pithreisi's Magic Scroll Shop.
    29 | D        | Found Vesej's General Store.
    30 | D        | Found Naad's Jewellery Shop.
    30 | D        | Found Meopp's Antique Weapon Boutique.
    30 | D        | Noticed a yak
    31 | D        | Found Foegh's Armour Boutique.
    31 | D        | Found Hatilorebu's Antique Armour Shop.
    31 | D        | Noticed a yak
    32 | D        | Noticed a water moccasin
    32 | D        | Noticed a yak
    32 | D        | Noticed an oklob plant
    37 | D        | Killed a water moccasin
    38 | D        | Reached skill level 5 in Conjurations
    38 | D        | Noticed a shining eye
    39 | D        | Found Zauxt's Book Shoppe.
    39 | D        | Noticed a shining eye
    44 | D        | Learned a level 2 spell: Scorch
    48 | D        | Learned a level 3 spell: Inner Flame
    49 | D        | Noticed a shining eye
    53 | D        | Learned a level 4 spell: Flame Wave
    59 | D        | Noticed a great orb of eyes
    69 | D        | Bought a scroll of poison for 56 gold pieces
    69 | D        | Bought a scroll of fear for 56 gold pieces
    73 | D        | Noticed Menkaure
    79 | D        | Killed Menkaure
    80 | D        | Reached skill level 9 in Fire Magic
    80 | D        | Bought a potion of lignification for 30 gold pieces
    86 | D        | Bought a potion of heal wounds for 50 gold pieces
    88 | D        | Noticed a water moccasin
    91 | D        | Killed a water moccasin
    92 | D        | Reached XP level 7. HP: 27/41 MP: 3/18
   207 | D        | Noticed an ice statue
   217 | D        | Found an opulent altar of Gozag.
   218 | D        | Found a blossoming altar of Fedhas.
   218 | D        | Found a sparkling altar of Nemelex Xobeh.
   218 | D        | Noticed a boulder beetle
   219 | D        | Found a white marble altar of Elyvilon.
   219 | D        | Found a burning altar of Makhleb.
   220 | D        | Found a shadowy altar of Dithmenos.
   220 | D        | Found a corrupted altar of Lugonu.
   221 | D        | Found a snail-covered altar of Cheibriados.
   221 | D        | Found an ancient bone altar of Kikubaaqudgha.
   221 | D        | Found a bloodstained altar of Trog.
   222 | D        | Found a viscous altar of Jiyva.
   222 | D        | Found a shimmering blue altar of Sif Muna.
   223 | D        | Found a hazy altar of Hepliaklqana.
   223 | D        | Found a sacrificial altar of Ru.
   224 | D        | Found a shimmering altar of Xom.
   225 | D        | Found a stormy altar of Qazlal.
   225 | D        | Found an ornate altar of the Wu Jian Council.
   225 | D        | Found a hide-covered altar of Uskayaw.
   225 | D        | Found a basalt altar of Yredelemnul.
   225 | D        | Found a glowing golden altar of the Shining One.
   226 | D        | Found a radiant altar of Vehumet.
   226 | D        | Found an iron altar of Okawaru.
   226 | D        | Found a glowing silver altar of Zin.
   231 | D        | Became a worshipper of Sif Muna the Loreminder
   251 | D        | Killed a boulder beetle
   252 | D        | Reached skill level 5 in Dodging
   252 | D        | Reached skill level 11 in Fire Magic
   252 | D        | Reached XP level 8. HP: 23/46 MP: 0/21
   253 | D        | Noticed a hornet
   253 | D        | Noticed a polar bear
   253 | D        | Noticed a polar bear
   254 | D        | Noticed a polar bear
   256 | D        | Noticed a yaktaur
   259 | D        | Killed a polar bear
   259 | D        | Killed a polar bear
   259 | D        | Reached * piety under Sif Muna
   260 | D        | Reached skill level 10 in Spellcasting
   262 | D        | Killed a hornet
   262 | D        | Killed a yaktaur
   263 | D        | Reached skill level 12 in Fire Magic
   263 | D        | Reached XP level 9. HP: 35/51 MP: 10/24
   263 | D        | Killed a polar bear
   263 | D        | Reached ** piety under Sif Muna
   299 | D        | Noticed a kraken
   306 | D        | Reached skill level 1 in Invocations
   585 | D        | Learned a level 3 spell: Vhi's Electric Charge
   711 | D        | Reached skill level 1 in Air Magic
   745 | D        | Noticed a deep troll
   745 | D        | Noticed a deep troll
   759 | D        | Killed a deep troll
   759 | D        | Reached *** piety under Sif Muna
   760 | D        | Reached skill level 13 in Fire Magic
   876 | D        | Killed a deep troll
   877 | D        | Reached XP level 10. HP: 57/57 MP: 15/26
   883 | D        | Learned a level 5 spell: Arcjolt
  1544 | D        | Noticed a boulder beetle
  1697 | D        | Reached **** piety under Sif Muna
  1699 | D        | Reached skill level 1 in Fighting
  1946 | D        | Bought an ivory arbalest for 237 gold pieces
  1946 | D        | Identified the +10 arbalest of the Crafting Pariah {heavy,
                  | *Corrode rF+ Dex+3} (You bought it in a shop in the
                  | Dungeon)
  1965 | D        | Bought Ozocubu's Autobiography for 312 gold pieces
  1965 | D        | Bought a book of the Hunter for 338 gold pieces
  1969 | D        | Learned a level 3 spell: Call Canine Familiar
  1973 | D        | Learned a level 3 spell: Ozocubu's Armour
  1993 | D        | Bought a ring of poison resistance for 220 gold pieces
  2057 | D        | Killed a boulder beetle
  2057 | D        | Reached ***** piety under Sif Muna
  2058 | D        | Reached skill level 1 in Ranged Weapons
  2058 | D        | Reached skill level 1 in Translocations
  2058 | D        | Reached skill level 1 in Ice Magic
  2058 | D        | Reached skill level 5 in Invocations
  2243 | D        | Killed a kraken
  2243 | D        | Received a gift from Sif Muna
  2244 | D        | Reached skill level 5 in Air Magic
  2244 | D        | Got Sif Muna's Elucidation of Battling {god gift}
  2249 | D        | Learned a level 3 spell: Hailstorm
  2319 | D        | Learned a level 5 spell: Freezing Cloud
  2335 | D        | Noticed an orange crystal statue
  2344 | D        | Killed an orange crystal statue
  2345 | D        | Reached skill level 5 in Ranged Weapons
  2345 | D        | Reached skill level 14 in Fire Magic
  2346 | D        | Noticed a sixfirhy
  2463 | D        | Noticed a death drake
  2464 | D        | Noticed a crystal guardian
  2466 | D        | Noticed a death drake
  2472 | D        | Killed a death drake
  2473 | D        | Reached skill level 1 in Hexes
  2473 | D        | Reached XP level 11. HP: 62/64 MP: 3/28
  2528 | D        | Reached skill level 1 in Summonings
  2639 | D        | Killed a death drake
  2755 | D        | Noticed Kirke
  2755 | D        | Noticed a skeletal warrior
  2760 | D        | Noticed a centaur warrior
  2762 | D        | Noticed a yaktaur captain
  2764 | D        | Noticed a golden dragon
  2766 | D        | Noticed a storm dragon
  2790 | D        | Killed a centaur warrior
  2790 | D        | Shot with a bolt by a yaktaur captain

Illustrated notes

Levels and vault maps discovered:
D:        the_violet_keep_of_menkaure [sprint2_stairs_cluster_1,
          sprint2_shoproom, sprint2_temple, sprint2_basic_supplies,
          sprint2_obstacle_2, sprint2_obstacle_4, sprint2_obstacle_5,
          sprint2_obstacle_7, sprint2_obstacle_6, sprint2_timed_cluster_1,
          sprint2_smallroom_cluster_1, sprint2_smallroom_final_cluster_1,
          sprint2_transparent_cluster_1, sprint2_second_timed_cluster_1,
          sprint2_sniper_area_1, sprint2_heavy_combat_area_1,
          sprint2_mutation_trap_area_1, sprint2_forest_area_1,
          sprint2_light_combat_area_1, sprint2_behind_water_1,
          sprint2_near_end_vault_1]

Skill      XL: |  1  2  3  4  5  6  7  8  9 10 11 |
---------------+----------------------------------+-----
Dodging        | 3 4 5 6 |  6.9
Stealth        | 3 4 5 6 7 |  7.6
Spellcasting   | 4 5 6 7 9 11 12 13 | 13.7
Conjurations   | 2 3 4 5 7 8 9 |  9.1
Fire Magic     | 5 6 8 9 11 12 13 14 | 14.2
Invocations    | 4 6 7 |  7.0
Air Magic      | 3 5 6 |  6.2
Fighting       | 2 |  2.1
Ranged Weapons | 5 6 |  6.3
Translocations | 3 4 |  4.3
Ice Magic      | 3 4 |  4.3
Hexes          | 1 |  1.2
Summonings     | 1 |  1.7
Throwing       | |  0.5

Action                     |  1- 3 |  4- 6 |  7- 9 | 10-12 || total
---------------------------+-------+-------+-------+-------++-------
  Melee: Unarmed           |     4 |    10 |     2 |    13 ||    29
         Tentacles         |     1 |     6 |       |     4 ||    11
         Constrict         |       |     4 |       |     3 ||     7
   Fire: Arbalest          |       |       |       |    35 ||    35
  Throw: Dart              |       |       |       |     4 ||     4
   Cast: Foxfire           |       |     9 |    12 |   107 ||   128
         Scorch            |       |     2 |    26 |    32 ||    60
         Flame Wave        |       |       |     4 |    10 ||    14
         Inner Flame       |       |       |       |    15 ||    15
         Call Canine Famil |       |       |       |    11 ||    11
         Ozocubu's Armour  |       |       |       |     5 ||     5
         Arcjolt           |       |       |       |     1 ||     1
         Freezing Cloud    |       |       |       |     2 ||     2
 Invoke: Channel Magic     |       |       |       |     4 ||     4
    Use: Potion            |     2 |       |     4 |     7 ||    13
         Scroll            |       |       |       |     8 ||     8
   Stab: Sleeping          |       |       |       |     1 ||     1
 Armour: Skin              |     2 |     1 |    26 |    18 ||    47
  Dodge: Dodged            |       |     3 |    10 |    63 ||    76

Table legend: (Time is in decaauts)
 A = Elapsed time spent in this place.
 B = Non-inter-level travel time spent in this place.
 C = Inter-level travel time spent in this place.
 D = Time resting spent in this place.
 E = Time spent auto-exploring this place.
 F = Levels seen in this place.
 G = Mean time per level.
                   A        B        C        D        E       F      G
               +--------+--------+--------+--------+--------+-----+--------+
         Total |   2848 |   2848 |      0 |   1313 |      0 |   1 | 2848.0 |
       Dungeon |   2848 |   2848 |      0 |   1313 |      0 |   1 | 2848.0 |
               +--------+--------+--------+--------+--------+-----+--------+

Top non-repeatable levels by time:
       D: 2848 daAuts
